cohdb
Replays
Latest Replays
All Replays
Popular Replays
Top Player Replays
Match Explorer
How It Works
Community
CoH3 Stats
Reddit
Sign in to upload your games and track your stats! →
Sign in with Steam
Wp
Match 20141773
Overview
Messages
Build Orders
End
Construct Barracks
Selects Advanced Infantry Battlegroup
Riflemen Squad
Riflemen Squad
1⁄4-ton 4x4 Truck
Grenade Package
Riflemen Squad
Selects Convert to Ranger Squad
Convert to Ranger Squad
Selects Frontline Medical Station
Convert to Ranger Squad
Infantry Support Center
Riflemen Squad
Construct Tank Depot
PaniCoC
laggyAR
Clavis
Ghost
0
0
Comments
sign in to comment!
No comments posted yet!